 Dungeon Crawl Stone Soup version 0.25.1-2-g60ff931df9 (webtiles) character file.

Game seed: 17034890574309516032

7082 Johnny the Geomancer (level 10, 0/69 HPs)
             Began as a Demigod Earth Elementalist on Oct 27, 2020.
             Slain by a manticore (10 damage)
             ... on level 10 of the Dungeon.
             The game lasted 00:09:58 (14605 turns).

Johnny the Geomancer (Demigod Earth Elementalist)  Turns: 14605, Time: 00:09:59

Health: 0/69       AC:  6    Str: 11    XL:     10   Next: 54%
Magic:  2/25       EV: 12    Int: 25    God:
Gold:   700        SH:  6    Dex: 16    Spells: 4/23 levels left

rFire    + . .     SeeInvis .   E - +0 flail (venom)
rCold    . . .     Gourm    .   C - +0 buckler
rNeg     . . .     Faith    .   N - +0 troll leather armour
rPois    .         Spirit   .   u - +0 helmet
rElec    .         Reflect  .   (no cloak)
rCorr    +         Harm     .   (no gloves)
MR       +....                  J - +0 pair of boots
Stlth    ++........             (no amulet)
HPRegen  0.61/turn              q - ring of resist corrosion
MPRegen  0.19/turn              r - ring of protection from fire

@: no status effects
A: high mp 1
a: no special abilities


You were on level 10 of the Dungeon.
You were very hungry.

You visited 1 branch of the dungeon, and saw 11 of its levels.

You collected 700 gold pieces.

Inventory:

Hand Weapons
 s - a +0 whip of electrocution
 E - a +0 flail of venom (weapon)
Missiles
 b - 104 stones (quivered)
Armour
 u - a +0 helmet (worn)
 C - a +0 buckler (worn)
 F - a +3 leather armour of poison resistance
 J - a +0 pair of boots (worn)
 N - a +0 troll leather armour (worn)
Jewellery
 p - an uncursed ring of fire
 q - a ring of resist corrosion (left hand)
 r - a ring of protection from fire (right hand)
Wands
 o - a wand of random effects (35)
 M - a wand of flame (19)
 O - a wand of enslavement (5)
Scrolls
 a - 2 scrolls of fog
 c - 2 scrolls of noise
 e - a scroll of immolation
 f - a scroll of blinking
 j - 5 scrolls of teleportation
 m - 4 scrolls of remove curse
 v - 2 scrolls of random uselessness {unknown}
 w - 2 scrolls of amnesia {unknown}
 y - 3 scrolls of fear {unknown}
 B - 2 scrolls of enchant weapon {unknown}
 H - 2 scrolls of holy word
 L - a scroll of torment
Potions
 g - a potion of might {unknown}
 h - 11 potions of curing
 i - 5 potions of haste
 l - a potion of resistance {unknown}
 n - 2 potions of mutation {unknown}
 x - a potion of brilliance {unknown}
 z - a potion of cancellation {unknown}
 A - a potion of degeneration {unknown}
 D - 2 potions of heal wounds {unknown}
 G - a potion of magic {unknown}
 I - 3 potions of flight {unknown}
Miscellaneous
 t - a phantom mirror
Comestibles
 d - 15 rations


   Skills:
 - Level 1.7 Dodging
 - Level 1.7 Stealth
 + Level 6.9 Shields
 + Level 7.4 Spellcasting
 - Level 0.8 Transmutations
 * Level 11.4 Earth Magic


You had 4 spell levels left.
You knew the following spells:

 Your Spells              Type           Power        Failure   Level  Hunger
a - Sandblast             Erth           ######       1%          1    None
b - Stone Arrow           Conj/Erth      #####.       2%          3    None
c - Lee's Rapid Deconstr  Erth           ######....   2%          5    #####..
d - Petrify               Tmut/Erth      #####...     7%          4    ###....
f - Iron Shot             Conj/Erth      #####.....   77%         6    ######.

Your spell library contained the following spells:

 Spells                   Type           Power        Failure   Level  Hunger
 Passwall                 Tmut/Erth      #####...     1%          2    None
 Animate Skeleton         Necr           N/A          9%          1    None
 Freeze                   Ice            #...         9%          1    None
 Infusion                 Chrm           #...         9%          1    None
 Pain                     Necr           #...         9%          1    None
 Shroud of Golubria       Chrm/Tloc      #.....       13%         2    None
 Song of Slaying          Chrm           #.......     13%         2    None
 Frozen Ramparts          Ice            #.....       26%         3    None
 Ozocubu's Armour         Chrm/Ice       #.......     26%         3    None
 Spectral Weapon          Hex/Chrm       #.......     26%         3    None
 Vampiric Draining        Necr           #.........   26%         3    None
 Animate Dead             Necr           N/A          63%         4    ###....
 Hailstorm                Conj/Ice       #.......     63%         4    ###....
 Summon Ice Beast         Ice/Summ       #.......     63%         4    ###....
 Bolt of Magma            Conj/Fire/Erth ####......   45%         5    #####..
 Agony                    Necr           #.......     93%         5    #####..
 Iskenderun's Battlesphe  Conj/Chrm      #.......     93%         5    #####..
 Orb of Destruction       Conj           #.........   100%        7    #######
 Spellforged Servitor     Conj/Summ      #.........   100%        7    #######


Dungeon Overview and Level Annotations

Branches:
Dungeon (11/15)            Temple (0/1) D:4            Lair (0/6) D:10
    Orc: D:9-12

Annotations:
D:3 2 transporters, DogServant's ghost, amateur HOFi


Innate Abilities, Weirdness & Mutations

You have an increased reservoir of magic. (+10% MP)


Message History

Aiming: Sandblast (safe; 1% risk of failure)
Press: ? - help, Shift-Dir - straight line, f/p - manticore
Aim: a manticore The blast of sand hits the manticore!
The manticore is moderately wounded.
b - 105 stones The manticore bites you!
The manticore claws you! You block the manticore's attack.
Casting: Sandblast (safe; 1% risk of failure)
Confirm with . or Enter, or press ? or * to list all spells.
Aiming: Sandblast (safe; 1% risk of failure)
Press: ? - help, Shift-Dir - straight line, f/p - manticore
Aim: a manticore (moderately wounded)
The blast of sand hits the manticore!!
The manticore is severely wounded.
b - 104 stones The manticore bites you!
* * * LOW HITPOINT WARNING * * *
You block the manticore's attack. The manticore claws you!
You die...

..##..###......#
##..'.........# ..#..##
#......###..##.........#
..'.##
#.....<##..###.........# ..###
#.....^...## #.........# <.#
#......#### #.........# ###
####.### ########'## ## #..#
##..# .# ###+###### ##..## '##
#......H@# #..## ..#
#....(...# #####'### ..#
#........# #.......# ..#
#........# #.......# ..#
#........# #.......# ..#
#........# ###.......# ..#
#........# #.'.......#
..#######........# #.#.......#
..'.....'........###.#.......#


You could see a manticore.

Vanquished Creatures
  An ugly thing (D:10)
  A gargoyle (D:11)
  An efreet (D:11)
  2 kobold demonologists
  2 trolls (D:10)
  A spriggan (D:9)
  A wraith (D:11)
  Edmund (D:5)
  An acid dragon (D:11)
  4 orc warriors
  5 ice beasts
  A black bear (D:6)
  2 sky beasts
  2 necrophages
  2 ogres
  7 centaurs
  5 bullfrogs
  2 big kobolds (D:11)
  A gnoll sergeant (D:8)
  A wyvern zombie (D:9)
  A water moccasin zombie (D:5)
  2 scorpions
  4 killer bees (D:8)
  2 electric eels (D:7)
  5 crimson imps
  7 hounds
  A quasit (D:7)
  3 centaur skeletons
  2 bullfrog skeletons
  4 jellies
  2 orc priests
  12 orc wizards
  Jessica (D:3)
  2 iguanas
  7 worker ants
  3 hound skeletons
  2 worker ant zombies (D:6)
  Robin (D:3)
  11 gnolls
  10 adders
  A shadow imp (D:9)
  3 oozes
  4 worms
  2 dart slugs
  5 leopard geckos
  41 orcs
  7 bats
  6 giant cockroaches
  15 goblins
  10 hobgoblins
  11 jackals
  13 kobolds
  7 quokkas
  3 ball pythons
  5 frilled lizards
  A jackal skeleton (D:5)
  5 rats
264 creatures vanquished.

Vanquished Creatures (collateral kills)
  An orc priest (D:11)
1 creature vanquished.

Vanquished Creatures (others)
  An orc warrior (D:11)
  An orc (D:11)
2 creatures vanquished.

Grand Total: 267 creatures vanquished

Notes
Turn   | Place    | Note
-------+----------+-------------------------------------------
     0 | D:1      | Johnny the Demigod Earth Elementalist began the quest for
                  | the Orb.
     0 | D:1      | Reached XP level 1. HP: 14/14 MP: 5/5
   172 | D:1      | Reached skill level 3 in Earth Magic
   607 | D:1      | Reached XP level 2. HP: 15/20 MP: 7/7
  1224 | D:1      | Reached XP level 3. HP: 11/26 MP: 6/9
  1993 | D:2      | Found a shimmering altar of Xom.
  1995 | D:2      | Found a shadowy altar of Dithmenos.
  2207 | D:2      | Reached skill level 4 in Earth Magic
  2922 | D:2      | Reached XP level 4. HP: 25/33 MP: 6/10
  3362 | D:2      | Found a bloodstained altar of Trog.
  3728 | D:3      | Noticed Robin
  3739 | D:3      | Killed Robin
  3739 | D:3      | Reached XP level 5. HP: 38/38 MP: 4/12
  3834 | D:3      | Found a faded altar of an unknown god.
  3934 | D:3      | Noticed Jessica
  3945 | D:3      | Killed Jessica
  3945 | D:3      | Reached skill level 5 in Earth Magic
  4245 | D:3      | Found an ornate altar of the Wu Jian Council.
  4452 | D:3      | Found a transporter.
  4452 | D:3      | Noticed DogServant's ghost (amateur HOFi)
  4676 | D:3      | Found a transporter.
  4964 | D:4      | Reached XP level 6. HP: 29/45 MP: 14/14
  5681 | D:4      | Found a staircase to the Ecumenical Temple.
  5813 | D:5      | Entered Level 5 of the Dungeon
  6364 | D:5      | Reached skill level 6 in Earth Magic
  6655 | D:5      | Reached skill level 1 in Shields
  6729 | D:5      | Found a sacrificial altar of Ru.
  6744 | D:5      | Noticed Edmund
  6755 | D:5      | Killed Edmund
  6755 | D:5      | Reached XP level 7. HP: 22/50 MP: 13/16
  7698 | D:6      | Reached skill level 7 in Earth Magic
  7988 | D:6      | Reached XP level 8. HP: 51/57 MP: 15/18
  8115 | D:6      | Learned a level 3 spell: Stone Arrow
  8121 | D:6      | Learned a level 5 spell: Lee's Rapid Deconstruction
  8126 | D:6      | Learned a level 4 spell: Petrify
  8395 | D:6      | Reached skill level 5 in Spellcasting
  8436 | D:6      | Reached skill level 8 in Earth Magic
 10357 | D:8      | Reached XP level 9. HP: 47/62 MP: 19/21
 10451 | D:8      | Reached skill level 9 in Earth Magic
 11193 | D:8      | Reached skill level 5 in Shields
 12038 | D:8      | Learned a level 6 spell: Iron Shot
 12092 | D:9      | Noticed a kobold demonologist
 12145 | D:8      | Killed a kobold demonologist
 12147 | D:8      | Reached skill level 10 in Earth Magic
 12400 | D:9      | Found a shimmering altar of Xom.
 13033 | D:9      | Found a radiant altar of Vehumet.
 13078 | D:9      | Found a burning altar of Makhleb.
 13498 | D:10     | Entered Level 10 of the Dungeon
 13562 | D:10     | Reached XP level 10. HP: 58/69 MP: 24/24
 14012 | D:10     | Found a staircase to the Lair.
 14276 | D:11     | Noticed a smoke demon
 14289 | D:10     | Reached skill level 11 in Earth Magic
 14424 | D:11     | Noticed a cyan ugly thing
 14456 | D:10     | Killed a cyan ugly thing
 14598 | D:11     | Noticed a manticore
 14605 | D:10     | Slain by a manticore

Illustrated notes

Levels and vault maps discovered:
D:1:      kennysheep_arrival_forest, layout_loops_corners
D:2:      layout_loops_ring, lemuel_round_altar,
          chequers_temple_overflow_statue_of_worship
D:3:      layout_loops_ring, marbit_many_paths, gammafunk_ghost_stat_death,
          chequers_ecumenical_altar_grove, st_stairs_10, minmay_close_crescents,
          uniq_robin, uniq_jessica
D:4:      layout_cave_pools, minmay_temple_entry_from_below_b
D:5:      layout_basic, first_ration, hangedman_ru_absence, uniq_edmund
D:6:      layout_gridville
D:7:      layout_loops_ring, minivault_4
D:8:      layout_layer_cave
D:9:      layout_roguey, lemuel_crystal_altar, overflow_temple_1_default,
          basic_altar, the_bakery
D:10:     layout_roguey, lair_entry_dummy
D:11:     layout_rooms, david_orc_3, serial_shops, shop,
          nrook_guardian_serpent_double

Skill      XL: |  1  2  3  4  5  6  7  8  9 10 |
---------------+-------------------------------+-----
Earth Magic    | 3 4 5 6 7 8 10 11 | 11.4
Spellcasting   | 2 3 4 5 6 7 |  7.4
Shields        | 1 2 4 5 6 |  6.9
Dodging        | |  1.7
Stealth        | |  1.7
Transmutations | |  0.8

Action                   |  1- 3 |  4- 6 |  7- 9 | 10-12 || total
-------------------------+-------+-------+-------+-------++-------
Melee: Mace              |    94 |    26 |       |       ||   120
       Unarmed           |     9 |       |       |       ||     9
       Whip              |       |   130 |     2 |       ||   132
       Flail             |       |       |   248 |    42 ||   290
Throw: Stone             |       |       |       |     1 ||     1
 Cast: Sandblast         |    49 |    51 |   121 |     8 ||   229
       Stone Arrow       |       |       |    21 |    16 ||    37
       Lee's Rapid Decon |       |       |     5 |    13 ||    18
Evoke: Wand              |       |       |     5 |     9 ||    14
  Use: Potion            |       |     1 |     2 |       ||     3
       Scroll            |       |       |    10 |     1 ||    11
 Stab: Sleeping          |     3 |     6 |     8 |       ||    17
  Eat: Chunk             |     6 |     9 |    18 |     3 ||    36
       Ration            |       |     1 |     1 |     1 ||     3
Armor: Robe              |    36 |    20 |       |       ||    56
       Leather armour    |       |       |   123 |    13 ||   136
       Troll leather arm |       |       |       |     7 ||     7
Dodge: Dodged            |   121 |   108 |   222 |    42 ||   493
Block: Buckler           |       |       |   111 |    18 ||   129
